AoeStats
← Rafelso

Arabia

508484664Analyzed
1v1 RM · 10d ago on Sep 22, 2026· 25m 52s· 2 players
Game mode
Random Map
Map size
Tiny (2 player)
Population
200
Speed
Normal
Resources
Standard
Victory
Conquest
Starting age
Dark Age
Ending age
Imperial Age
RankedLock teamsTeams togetherTeam positionsShared explorationLock speedFull tech treeHidden civsTurbo modeCheats
Victory
Defeat
🇮🇹 Britons · Italy
1758
+15
🇫🇷 Japanese · France
1734
-15
Rafelso
6:07 Loom
8:49 Feudal Age
9:18 Double-Bit Axe
9:34 Man-at-Arms
14:30 Fletching
21:52 Castle Age
19:36 Horse Collar
22:28 Bodkin Arrow
23:16 Padded Archer Armor
24:16 Elite Skirmisher
Brother_Dege
6:18 Loom
8:25 Feudal Age
7:55 Loom
9:07 Double-Bit Axe
11:16 Fletching
14:16 Horse Collar
21:54 Castle Age
21:07 Scale Barding Armor
22:08 Gold Mining
21:58 Crossbowman
22:40 Bodkin Arrow
Connection lost

Rejoining the realm…

Still unreachable

The connection could not be restored.

Session expired

The server has moved on; the page needs a fresh start.